 Dungeon Crawl Stone Soup version 0.30.1-11-g7821555f0a (webtiles) character file.

Game seed: 32443822442524465

626 Marvel the Chopper (level 7, 0/61 HPs)
             Began as a Hill Orc Fighter on Dec 19, 2023.
             Slain by an ogre
             ... wielding a +0 giant spiked club
              (8 damage)
             ... on level 5 of the Dungeon.
             The game lasted 00:04:47 (4202 turns).

Marvel the Chopper (Hill Orc Fighter)               Turns: 4202, Time: 00:04:47

Health: 0/61       AC: 13    Str: 21    XL:     7   Next: 47%
Magic:  7/7        EV:  6    Int:  8    God:
Gold:   163        SH:  4    Dex: 10    Spells: 6/6 levels left

rFire   + . .        a - +0 war axe
rCold   . . .        c - +0 buckler
rNeg    . . .        w - +0 plate armour
rPois   .            r - +0 helmet
rElec   .            (no cloak)
rCorr   .            (no gloves)
SInv    .            (no boots)
Will    .....        (no amulet) Stlth
                     f - ring of protection from fire
HPRegen 0.30/turn    (no ring)
MPRegen 0.10/turn

%: no passive effects
@: mighty
A: no striking features
a: no special abilities


You were on level 5 of the Dungeon.
You visited 1 branch of the dungeon, and saw 5 of its levels.

You collected 163 gold pieces.

Inventory:

Hand Weapons
 a - a +0 war axe (weapon)
Missiles
 s - 5 poisoned darts (quivered)
Armour
 b - a +0 scale mail
 c - a +0 buckler (worn)
 r - a +0 helmet (worn)
 w - a +0 plate armour (worn)
Jewellery
 f - a ring of protection from fire (left hand)
Wands
 x - a wand of polymorph (8)
Scrolls
 e - a scroll of amnesia {unknown}
 h - 2 scrolls of teleportation {unknown}
 i - 2 scrolls of enchant armour {unknown}
 j - 4 scrolls of identify {unknown}
 k - 2 scrolls of torment {unknown}
 l - 2 scrolls of fear {unknown}
 m - a scroll of immolation {unknown}
 n - a scroll of silence {unknown}
 o - a scroll of brand weapon {unknown}
 p - a scroll of enchant weapon {unknown}
 u - 2 scrolls of noise {unknown}
 y - a scroll of blinking {unknown}
Potions
 d - a potion of haste {unknown}
 g - a potion of curing
 q - 3 potions of brilliance {unknown}
 v - a potion of lignification {unknown}


   Skills:
 + Level 5.3 Fighting
 + Level 7.3 Axes
 + Level 5.4 Armour
 - Level 1.0 Dodging
 - Level 0.5 Stealth
 + Level 3.9 Shields


You had 6 spell levels left.
You didn't know any spells.
Your spell library contained the following spells:

 Spells                   Type           Power      Damage    Failure   Level
 Call Canine Familiar     Summ           0%         N/A       100%        3
 Portal Projectile        Hex/Tloc       0%         N/A       100%        3
 Leda's Liquefaction      Hex/Erth       0%         N/A       100%        4


Dungeon Overview and Level Annotations

Branches:
Dungeon (5/15)
 Temple: D:4-7

Altars:


Message History

A jelly comes into view.
The jelly quivers.
An ogre comes into view. It is wielding a +0 giant spiked club.
An ogre comes into view. It is wielding a +0 giant club.
The ogre shouts!
The jelly completely misses you.
You slash the jelly! The acid corrodes you!
Your hands burn!
The jelly is almost dead.
The jelly hits you but does no damage.
You hit the jelly but do no damage.
Your hands burn!
The jelly is almost dead.
You hit the ogre.
The ogre hits you with a +0 giant spiked club!
The jelly hits you but does no damage.
You slash the jelly!
You kill the jelly!
You hit the ogre. The ogre barely misses you.
You slash the ogre!
The ogre is heavily wounded.
You barely miss the ogre.
The ogre is heavily wounded.
The ogre hits you with a +0 giant spiked club!!
You block the ogre's attack. The ogre attacks as you move away!
The ogre hits you with a +0 giant spiked club!
* * * LOW HITPOINT WARNING * * *
The ogre attacks as you move away! The ogre barely misses you.
You feel very mighty all of a sudden.
You hit the ogre.
The ogre is lightly wounded.
You block the ogre's attack.
You slice the ogre!!
The ogre is almost dead.
You are no longer corroded.
The ogre hits you with a +0 giant club!
* * * LOW HITPOINT WARNING * * *
You slice the ogre!!
You kill the ogre!
The ogre hits you with a +0 giant spiked club!
You die...

..........# #.#.# #
....$....## #.#.#
.#..#.....#..# #.#.#
.........>...######.#.#
.######...............#
.................(..####
#...............#.......
...####O#######.#.#.####
.. #@#### #.#.......
#....# #.#.#.###. #....#
#.#.#.###.
#....####.#.#.#...
#....'.##.#.#.#.##
##...#.##.#.#.....
.......#.##.....#.##
....##.##.####.#.#.#
.... ...#.# #.#.#.#


You could see an ogre.

Vanquished Creatures
  Grinder (D:3)
  An ogre (D:5)
  A phantom (D:5)
  A bullfrog (D:4)
  A scorpion (D:4)
  A jelly (D:5)
  A hound (D:4)
  An iguana (D:4)
  Robin (D:4)
  3 adders
  A white imp (D:4)
  3 dart slugs
  4 orcs
  3 ball pythons
  A bat (D:2)
  5 endoplasms
  4 giant cockroaches
  18 goblins
  5 hobgoblins
  13 jackals
  5 kobolds
  3 frilled lizards
  4 rats
81 creatures vanquished.

Notes
Turn   | Place    | Note
-------+----------+-------------------------------------------
     0 | D:1      | Marvel the Hill Orc Fighter began the quest for the Orb.
     0 | D:1      | Reached XP level 1. HP: 19/19 MP: 1/1
   269 | D:1      | Reached XP level 2. HP: 27/27 MP: 2/2
   690 | D:1      | Reached skill level 3 in Axes
   691 | D:1      | Reached XP level 3. HP: 32/33 MP: 3/3
  1617 | D:2      | Reached XP level 4. HP: 40/40 MP: 4/4
  1681 | D:2      | Reached skill level 4 in Axes
  1854 | D:3      | Noticed Grinder
  1857 | D:3      | Paralysed by Grinder for 3 turns
  1862 | D:3      | Paralysed by Grinder for 5 turns
  1875 | D:3      | Killed Grinder
  1876 | D:3      | Reached skill level 5 in Axes
  1876 | D:3      | Reached XP level 5. HP: 9/47 MP: 5/5
  1876 | D:3      | Reached XP level 6. HP: 11/55 MP: 6/6
  2948 | D:4      | Reached skill level 5 in Fighting
  2948 | D:4      | Reached skill level 6 in Axes
  2948 | D:4      | Reached skill level 1 in Dodging
  3184 | D:4      | Reached skill level 5 in Armour
  3311 | D:4      | Noticed Robin
  3323 | D:4      | Reached XP level 7. HP: 45/61 MP: 7/7
  3353 | D:4      | Killed Robin
  4066 | D:5      | Entered Level 5 of the Dungeon
  4113 | D:5      | Reached skill level 7 in Axes
  4202 | D:5      | Slain by an ogre

Illustrated notes

Levels and vault maps discovered:
D:1:      evilmike_arrival_fibonacci_small, layout_loops_corners,
          serial_co_window_serial, co_window_of_opportunity_a,
          co_window_of_opportunity_a, co_window_paths_a,
          co_window_of_opportunity_a, co_window_of_opportunity_a,
          co_window_cross_1, co_window_corner_a, co_window_paths_c,
          co_window_unsneaky_path_a, co_window_paths_c,
          co_window_unsneaky_path_e, co_window_of_opportunity_b,
          co_window_of_opportunity_b, glass_columns_b, glass_columns_a,
          glass_columns_b, glass_columns_c, minmay_misc_feat_x
D:2:      layout_basic, minmay_surrounded
D:3:      layout_loops_corners, uniq_grinder
D:4:      cheibrodos_quashed, layout_layer_cave, uniq_robin
D:5:      layout_basic, nemelex_diamond_rough_becter, st_stairs_2, uniq_sigmund,
          uniq_blork_the_orc, uniq_prince_ribbit1

Skill      XL: |  1  2  3  4  5  6  7 |
---------------+----------------------+-----
Axes           | 3 5 6 7 |  7.3
Fighting       | 4 5 |  5.3
Armour         | 4 5 |  5.4
Dodging        | 1 |  1.0
Stealth        | |  0.5
Shields        | |  3.9

Action                     |  1- 3 |  4- 6 |  7- 9 || total
---------------------------+-------+-------+-------++-------
  Melee: War axe           |    82 |   105 |    41 ||   228
    Use: Potion            |       |     2 |     1 ||     3
 Armour: Scale mail        |    47 |    42 |       ||    89
         Plate armour      |       |    14 |    17 ||    31
         Skin              |       |       |     6 ||     6
  Dodge: Dodged            |    44 |    42 |    24 ||   110
  Block: Buckler           |    16 |    24 |    11 ||    51
